 Dungeon Crawl Stone Soup version 0.22.1-1-ga44c0e5 (webtiles) character file.

2609 Folque the Sneak (level 9, -7/59 HPs)
             Began as an Octopode Wizard on Sept 30, 2018.
             Was a Follower of Sif Muna.
             Mangled by a wyvern zombie (10 damage)
             ... on level 7 of the Dungeon.
             The game lasted 00:34:23 (7572 turns).

Folque the Sneak (Octopode Wizard)                  Turns: 7572, Time: 00:34:25

Health: -7/59      AC:  1    Str:  6    XL:     9   Next: 59%
Magic:  2/18       EV: 15    Int: 23    God:    Sif Muna [*.....]
Gold:   430        SH:  0    Dex: 11    Spells: 7/20 levels left

rFire    . . .     SeeInvis .   w - +0 rapier
rCold    . . .     Gourm    .   (no shield)
rNeg     . . .     Faith    .   u - +0 hat
rPois    .         Spirit   .   (no amulet)
rElec    .         Reflect  .   (no ring)
rCorr    .         Harm     .   (no ring)
MR       .....                  (no ring)
Stlth    ++++......             (no ring)
HPRegen  0.19/turn              (no ring)
MPRegen  0.16/turn              (no ring)
                                (no ring)
                                (no ring)

@: very slightly contaminated
A: almost no armour, stealthy swim, amphibious, 8 rings, constrict 8, camouflage
1, gelatinous body 1
a: Divine Energy, Renounce Religion


You were on level 7 of the Dungeon.
You worshipped Sif Muna.
Sif Muna was aware of your devotion.
You were near starving.

You visited 2 branches of the dungeon, and saw 8 of its levels.

You collected 430 gold pieces.

Inventory:

Hand Weapons
 a - a +0 hunting sling
 b - a +0 whip
 e - a +0 spear
 i - a +0 short sword
 n - a +0 glaive
 s - a +0 whip of flaming
 w - a +0 rapier (weapon)
 K - a +2 rapier of draining
 M - a +1 flail of crushing
 O - a +1 quarterstaff of speed
Missiles
 k - 5 tomahawks (quivered)
 y - 68 sling bullets
 D - 3 tomahawks of returning
Armour
 u - a +0 hat (worn)
Jewellery
 m - an uncursed amulet of guardian spirit
 v - an uncursed amulet of guardian spirit
 G - a cursed amulet of inaccuracy {unknown}
Wands
 B - a wand of acid (4)
 E - a wand of clouds (3)
 J - a wand of polymorph (7)
Scrolls
 f - 9 scrolls of identify
 h - a scroll of teleportation
 j - 7 scrolls of remove curse
 l - a scroll of noise {unknown}
 r - 2 scrolls of magic mapping
 t - a scroll of fog
 x - a scroll of random uselessness {unknown}
 C - a scroll of immolation {unknown}
 H - a scroll of enchant armour {unknown}
 I - a scroll of amnesia {unknown}
 L - a scroll of blinking {unknown}
Potions
 d - 2 potions of cancellation {unknown}
 g - 4 potions of haste
 o - a potion of degeneration {unknown}
 p - 2 potions of might
 q - a potion of mutation {unknown}
 z - a potion of invisibility {unknown}
 A - a potion of lignification {unknown}
 F - 2 potions of ambrosia {unknown}
Comestibles
 c - 5 rations


   Skills:
 - Level 4.3 Fighting
 - Level 2.0 Short Blades
 + Level 1.1 Throwing
 + Level 5.1 Dodging
 - Level 7.3 Stealth
 - Level 6.1 Spellcasting
 * Level 5.2 Conjurations
 * Level 1.8 Hexes
 - Level 1.0 Summonings
 - Level 3.1 Translocations
 - Level 1.5 Fire Magic
 - Level 1.0 Air Magic
 - Level 2.2 Poison Magic


You had 7 spell levels left.
You knew the following spells:

 Your Spells              Type           Power        Failure   Level  Hunger
a - Magic Dart            Conj           ####         1%          1    None
b - Call Imp              Summ           ##......     9%          2    None
c - Blink                 Tloc           N/A          3%          2    None
d - Mephitic Cloud        Conj/Pois/Air  ###.....     8%          3    #......
e - Slow                  Hex            ###.....     6%          2    None
f - Conjure Flame         Conj/Fire      ###.....     6%          3    #......

Your spell library contained the following spells:

 Spells                   Type           Power        Failure   Level  Hunger


Dungeon Overview and Level Annotations

Branches:
Dungeon (7/15)             Temple (1/1) D:5

Altars:
Cheibriados
Dithmenos
Elyvilon
Fedhas
Gozag
Hepliaklqana
Kikubaaqudgha
Nemelex Xobeh
Okawaru
Qazlal
Ru
Sif Muna
Trog
Uskayaw
Wu Jian
Xom
Yredelemnul
Zin
The Shining One

Annotations:
D:7 1 transporter


Innate Abilities, Weirdness & Mutations

You cannot wear most types of armour.
You are very stealthy in the water. (Stealth+)
You are amphibious.
You can wear up to eight rings at the same time.
You can use your tentacles to constrict eight enemies at once.
Your skin changes colour to match your surroundings (Stealth+).
Your rubbery body absorbs attacks. (AC +1, EV +1)


Message History

Press: ? - help, Dir - move target cursor The fire ignites!
Casting: Conjure Flame (safe; 6% risk of failure)
Confirm with . or Enter, or press ? or * to list all spells.
Aiming: Magic Dart (safe; 1% risk of failure)
Press: ? - help, Shift-Dir - straight line, f - wyvern zombie
Aim: a wyvern zombie (flame, severely damaged)
The magic dart hits the wyvern zombie.
The wyvern zombie is severely damaged.
The wyvern zombie is engulfed in blazing flames.
Your crimson imp blinks!
Casting: Magic Dart (safe; 1% risk of failure)
Confirm with . or Enter, or press ? or * to list all spells.
Aiming: Magic Dart (safe; 1% risk of failure)
Press: ? - help, Shift-Dir - straight line, f/p - wyvern zombie
Aim: a wyvern zombie (almost destroyed)
The magic dart hits the wyvern zombie.
The wyvern zombie is almost destroyed.
The wyvern zombie bites you!
You die...

8$##.##..#.# #)# #
##.#.###.# #h# #..>....#
#s# ##...##### #.##
#....### #.s# ##......#
##.# #######....##.###
###.#
...........##...####sh.#
#####......####.@Z§.5###
###...##########..####
....### #........# ..###
#........# .##
#........# ## #........#
##########


You could see a black bear, a scorpion, a wyvern zombie and a friendly crimson
imp.

Vanquished Creatures
  Pikel (D:3)
  Sigmund (D:4)
  Eustachio (D:5)
  A water moccasin (D:6)
  2 sky beasts
  An ice beast (D:7)
  3 slaves
  A necrophage (D:7)
  A phantom (D:5)
  An ogre (D:5)
  5 centaurs
  A water moccasin zombie (D:7)
  2 scorpions
  A howler monkey (D:6)
  2 crimson imps
  2 hounds
  A jelly (D:5)
  A bullfrog skeleton (D:7)
  2 orc wizards (D:6)
  An orc priest (D:3)
  An iguana (D:4)
  4 worker ants
  A hound zombie (D:5)
  A howler monkey skeleton (D:4)
  6 adders
  2 worms
  A dart slug (D:1)
  5 leopard geckos
  12 orcs
  3 bats
  2 giant cockroaches (D:2)
  7 goblins
  12 hobgoblins
  8 jackals
  7 kobolds
  2 quokkas
  4 frilled lizards
  8 rats
117 creatures vanquished.

Vanquished Creatures (collateral kills)
  A hungry ghost (D:7)
  A hound (D:7)
  Ijyb (D:4)
  A worker ant (D:4)
  An adder (D:2)
  A worm (D:2)
  2 dart slugs
  3 orcs
  2 hobgoblins
  2 kobolds
  A rat (D:3)
16 creatures vanquished.

Vanquished Creatures (others)
  A quokka (D:7)
1 creature vanquished.

Grand Total: 134 creatures vanquished

Notes
Turn   | Place    | Note
-------+----------+-------------------------------------------
     0 | D:1      | Folque the Octopode Wizard began the quest for the Orb.
     0 | D:1      | Reached XP level 1. HP: 11/11 MP: 4/4
   371 | D:1      | Reached skill level 1 in Fighting
   371 | D:1      | Reached XP level 2. HP: 13/18 MP: 6/6
   393 | D:1      | Learned a level 2 spell: Call Imp
   396 | D:1      | Learned a level 2 spell: Blink
  1090 | D:2      | Reached XP level 3. HP: 6/23 MP: 4/7
  1500 | D:2      | Learned a level 3 spell: Mephitic Cloud
  1784 | D:2      | Reached XP level 4. HP: 29/29 MP: 9/9
  1843 | D:2      | Reached skill level 1 in Poison Magic
  2416 | D:3      | Reached skill level 1 in Air Magic
  2644 | D:3      | Reached skill level 3 in Stealth
  2734 | D:3      | HP: 1/29 [orc priest/divine providence (13)]
  2748 | D:3      | Reached XP level 5. HP: 5/34 MP: 1/10
  3140 | D:4      | Reached skill level 4 in Stealth
  3231 | D:4      | Noticed a slave
  3233 | D:4      | Noticed a slave
  3364 | D:4      | Noticed Sigmund
  3379 | D:4      | Killed Sigmund
  3379 | D:4      | Reached skill level 5 in Stealth
  3379 | D:4      | Reached XP level 6. HP: 39/39 MP: 8/12
  3475 | D:4      | Noticed Ijyb
  3484 | D:4      | Killed Ijyb
  3572 | D:4      | Noticed Pikel
  3572 | D:4      | Noticed a slave
  3572 | D:4      | Noticed a slave
  3593 | D:3      | Killed a slave
  3673 | D:4      | Killed a slave
  3870 | D:4      | Killed a slave
  3938 | D:3      | Killed Pikel
  3938 | D:3      | Reached skill level 6 in Stealth
  3938 | D:3      | Reached skill level 5 in Spellcasting
  3938 | D:3      | Reached XP level 7. HP: 13/45 MP: 3/14
  4430 | D:5      | Entered Level 5 of the Dungeon
  4470 | D:5      | Noticed Eustachio
  4490 | D:5      | Killed Eustachio
  4490 | D:5      | Reached XP level 8. HP: 38/50 MP: 11/16
  5011 | D:5      | Learned a level 2 spell: Slow
  5015 | D:5      | Learned a level 3 spell: Conjure Flame
  5094 | D:5      | Reached skill level 7 in Stealth
  5190 | D:5      | Found a staircase to the Ecumenical Temple.
  5206 | Temple   | Entered the Ecumenical Temple
  5460 | Temple   | Became a worshipper of Sif Muna the Loreminder
  5593 | D:5      | Reached skill level 1 in Fire Magic
  6191 | D:5      | Reached skill level 1 in Short Blades
  6191 | D:5      | Reached XP level 9. HP: 17/55 MP: 16/18
  6917 | D:7      | Found a white marble altar of Elyvilon.
  6969 | D:7      | Reached skill level 5 in Dodging
  7022 | D:7      | Reached * piety under Sif Muna
  7241 | D:7      | Reached skill level 1 in Hexes
  7255 | D:7      | Reached skill level 5 in Conjurations
  7482 | D:7      | Found a transporter.
  7547 | D:7      | Reached skill level 1 in Throwing
  7567 | D:7      | HP: 2/59 [wyvern zombie (12)]
  7572 | D:7      | Mangled by a wyvern zombie

Skill      XL: |  1  2  3  4  5  6  7  8  9 |
---------------+----------------------------+-----
Fighting       | 1 2 4 |  4.3
Conjurations   | 2 3 5 |  5.2
Poison Magic   | 2 |  2.2
Air Magic      | 1 |  1.0
Stealth        | 3 5 6 7 |  7.3
Spellcasting   | 4 5 6 |  6.1
Dodging        | 3 4 5 |  5.1
Translocations | 2 3 |  3.1
Fire Magic     | 1 |  1.5
Short Blades   | 1 2 |  2.0
Hexes          | 1 |  1.8
Throwing       | 1 |  1.1
Summonings     | |  1.0

Action                   |  1- 3 |  4- 6 |  7- 9 || total
-------------------------+-------+-------+-------++-------
Melee: Whip              |    16 |       |    21 ||    37
       Short sword       |    21 |       |       ||    21
       Constrict         |    18 |    32 |    35 ||    85
       Tentacles         |     6 |    17 |    28 ||    51
       Spear             |    41 |    40 |       ||    81
       Rapier            |       |   103 |   146 ||   249
       Glaive            |       |       |    53 ||    53
       Quarterstaff      |       |       |     7 ||     7
 Fire: Hunting sling     |       |     8 |       ||     8
 Cast: Magic Dart        |     6 |     4 |    14 ||    24
       Call Imp          |     6 |    25 |    14 ||    45
       Blink             |       |     2 |     8 ||    10
       Mephitic Cloud    |       |     9 |    27 ||    36
       Slow              |       |       |     4 ||     4
       Conjure Flame     |       |       |     7 ||     7
  Use: Potion            |       |     4 |     4 ||     8
       Scroll            |       |     3 |     4 ||     7
 Stab: Sleeping          |     5 |    14 |     7 ||    26
       Distracted        |     1 |     1 |     1 ||     3
       Confused          |       |     3 |    13 ||    16
  Eat: Chunk             |     3 |     7 |     8 ||    18
       Ration            |       |       |     1 ||     1
Armor: Skin              |     5 |     1 |     9 ||    15
Dodge: Dodged            |    51 |    78 |   114 ||   243
